 Dungeon Crawl Stone Soup version 0.21.1-1-g345015f (webtiles) character file.

303 sking99 the Ruffian (level 6, -10/62 HPs)
             Began as an Ogre Transmuter on June 20, 2018.
             Was a Follower of Okawaru.
             Mangled by an orc warrior
             ... wielding a +0 flail
              (15 damage)
             ... on level 7 of the Dungeon.
             The game lasted 00:25:37 (4385 turns).

sking99 the Ruffian (Ogre Transmuter)               Turns: 4385, Time: 00:25:38

Health: -10/62     AC:  2    Str: 15    XL:     6   Next: 38%
Magic:  5/10       EV: 20    Int: 16    God:    Okawaru [*.....]
Gold:   232        SH:  0    Dex: 14    Spells: 5/11 levels left

rFire    . . .     SeeInvis .     - Unarmed
rCold    . . .     Gourm    .   (shield currently unavailable)
rNeg     . . .     Faith    .   (armour currently unavailable)
rPois    x         Spirit   .   (helmet currently unavailable)
rElec    .         Reflect  .   (cloak currently unavailable)
rCorr    .         Harm     .   (gloves unavailable)
MR       .....                  (boots unavailable)
Stlth    +.........             (no amulet)
HPRegen  0.20/turn              (no ring)
MPRegen  0.12/turn              (no ring)

@: spider-form (expiring), very slightly contaminated
A: tiny, unfitting armour
a: End Transformation, Heroism, Renounce Religion


You were on level 7 of the Dungeon.
You worshipped Okawaru.
Okawaru was aware of your devotion.
You were not hungry.
You were a venomous arachnid creature.
You visited 1 branch of the dungeon, and saw 6 of its levels.

You collected 232 gold pieces.

Inventory:

Missiles
 a - 2 arrows (quivered)
Armour
 b - a +0 robe (melded)
Jewellery
 g - an uncursed ring of resist corrosion {unknown}
Wands
 m - a wand of polymorph (5)
 u - a wand of digging (7)
Scrolls
 f - a scroll of enchant armour {unknown}
 h - a scroll of amnesia {unknown}
 i - a scroll of magic mapping {unknown}
 k - 3 scrolls of teleportation {unknown}
 l - a scroll of enchant weapon {unknown}
 n - 5 scrolls of identify {unknown}
 p - a scroll of immolation {unknown}
Potions
 e - a potion of brilliance {unknown}
 j - a potion of curing {unknown}
 o - 2 potions of agility {unknown}
 q - a potion of magic {unknown}
 s - a potion of ambrosia {unknown}
Books
 c - a book of Changes

   Spells                             Type                      Level
   a - Beastly Appendage              Transmutation                1
   b - Sticks to Snakes               Transmutation                2
   c - Spider Form                    Transmutation/Poison         3
   d - Ice Form                       Ice/Transmutation            4
   e - Blade Hands                    Transmutation                5
 r - a book of Minor Magic

   Spells                             Type                      Level
   a - Magic Dart                     Conjuration                  1
   b - Blink                          Translocation                2
   c - Call Imp                       Summoning                    2
   d - Slow                           Hexes                        2
   e - Conjure Flame                  Conjuration/Fire             3
   f - Mephitic Cloud                 Conjuration/Poison/Air       3
Comestibles
 d - 6 rations
 t - 2 chunks of flesh


   Skills:
 + Level 3.8 Fighting
 + Level 3.0 Dodging
 + Level 3.9 Unarmed Combat
 - Level 3.1 Spellcasting
 - Level 2.5 Transmutations
 - Level 1.3 Poison Magic
 + Level 1.2 Invocations


You had 5 spell levels left.
You knew the following spells:

 Your Spells              Type           Power        Failure   Level  Hunger
a - Beastly Appendage     Tmut           ##....       19%         1    None
b - Sticks to Snakes      Tmut           ##......     24%         2    ##.....
c - Spider Form           Tmut/Pois      #.........   47%         3    ###....


Dungeon Overview and Level Annotations

Branches:
Dungeon (7/15)
 Temple: D:4-7

Altars:
Elyvilon
Fedhas
Hepliaklqana
Okawaru
Uskayaw
The Shining One


Innate Abilities, Weirdness & Mutations

You are too large for most types of armour.
((You have tough skin. (AC +1)))


Message History

You turn into a venomous arachnid creature.
Your +0 robe melds into your body.
The orc warrior closely misses you. The orc warrior misses you.
You closely miss the orc warrior.
The orc warrior hits you with an enchanted trident!!
You bite the orc warrior!
The orc warrior is moderately wounded.
The orc warrior hits you with a flail!
The orc warrior hits you with an enchanted trident!
There is a stone staircase leading down here.
The orc warrior completely misses you. The orc warrior hits you with a flail!
* * * LOW HITPOINT WARNING * * *
The rust devil misses you.
You climb downwards.
There is a stone staircase leading up here.
Found a ring mail.
The rust devil barely misses you.
Your transformation is almost over.
The orc warrior hits you with a flail!
You die...

#.#...# .....#
.#...# #####....####
#.######............
#......<........###
########.##.4.....#
#.##.o.....###
#.##..s.......
#.###......... #.#
#....####. #.#
#.#..# #.# #.#...
#.# #.#.... ####(#
#. ###.# ##.##.##..
.# ##.>.#.##.#


You could see a rust devil and an orc warrior.

Vanquished Creatures
  An orc priest (D:3)
  2 orc wizards (D:3)
  A worker ant (D:4)
  3 adders
  4 gnolls (D:4)
  2 howler monkey skeletons (D:4)
  An adder skeleton (D:4)
  A worm (D:4)
  2 dart slugs
  A leopard gecko (D:2)
  13 orcs
  12 bats
  4 giant cockroaches
  5 goblins
  3 hobgoblins
  6 kobolds
  2 quokkas (D:4)
  3 frilled lizards
  2 leopard gecko skeletons (D:4)
  6 rats
74 creatures vanquished.

Vanquished Creatures (collateral kills)
  3 adders
  An orc (D:3)
  A bat (D:3)
  A kobold (D:1)
6 creatures vanquished.

Grand Total: 80 creatures vanquished

Notes
Turn   | Place    | Note
-------+----------+-------------------------------------------
     0 | D:1      | sking99 the Ogre Transmuter began the quest for the Orb.
     0 | D:1      | Reached XP level 1. HP: 19/19 MP: 3/3
   506 | D:1      | Reached XP level 2. HP: 28/28 MP: 5/5
   706 | D:1      | Learned a level 2 spell: Sticks to Snakes
  1240 | D:2      | Reached XP level 3. HP: 29/36 MP: 1/6
  1245 | D:2      | Learned a level 3 spell: Spider Form
  1939 | D:2      | Found an iron altar of Okawaru.
  1947 | D:2      | Became a worshipper of Warmaster Okawaru
  2058 | D:2      | Found a blossoming altar of Fedhas.
  2117 | D:2      | Reached XP level 4. HP: 44/44 MP: 8/8
  2339 | D:3      | Found a hide-covered altar of Uskayaw.
  2341 | D:3      | Noticed a dagger
  2341 | D:3      | Noticed a hand axe
  2360 | D:3      | Reached skill level 1 in Poison Magic
  2544 | D:3      | Found a hazy altar of Hepliaklqana.
  2960 | D:3      | Reached XP level 5. HP: 50/50 MP: 5/9
  3411 | D:3      | Reached * piety under Okawaru
  3729 | D:4      | Reached XP level 6. HP: 50/61 MP: 6/10
  3730 | D:4      | Found a white marble altar of Elyvilon.
  3743 | D:4      | Reached skill level 1 in Invocations
  4067 | D:4      | Found a glowing golden altar of the Shining One.
  4276 | D:4      | You fall through a shaft for 3 floors!
  4370 | D:6      | Noticed a rust devil
  4370 | D:6      | Noticed an orc warrior
  4370 | D:6      | Noticed a rust devil
  4370 | D:6      | Noticed an orc warrior
  4377 | D:6      | HP: 3/62 [orc warrior/flail (17)]
  4385 | D:7      | Mangled by an orc warrior

Skill      XL: |  1  2  3  4  5  6 |
---------------+-------------------+-----
Dodging        | 2 3 |  3.0
Fighting       | 2 3 |  3.8
Unarmed Combat | 3 |  3.9
Transmutations | 2 |  2.5
Poison Magic   | 1 |  1.3
Spellcasting   | 3 |  3.1
Invocations    | 1 |  1.2

Action                   |  1- 3 |  4- 6 || total
-------------------------+-------+-------++-------
Melee: Unarmed           |   126 |   166 ||   292
       Punch             |     3 |     2 ||     5
 Cast: Sticks to Snakes  |     8 |     2 ||    10
       Spider Form       |       |    16 ||    16
 Stab: Sleeping          |       |     1 ||     1
  Eat: Ration            |     1 |     1 ||     2
       Chunk             |     1 |     8 ||     9
Armor: Robe              |    63 |    28 ||    91
       Skin              |       |     1 ||     1
Dodge: Dodged            |    86 |   118 ||   204
